AoeStats
← WING123456

Arabia

509857047Analyzed
4v4 RM · 5d ago on Sep 28, 2026· 36m 27s· 8 players
Game mode
Random Map
Map size
Large (8 player)
Population
200
Speed
Normal
Resources
Standard
Victory
Conquest
Starting age
Dark Age
Ending age
Imperial Age
RankedLock teamsTeams togetherTeam positionsShared explorationLock speedFull tech treeHidden civsTurbo modeCheats
Victory
Defeat
🇹🇼 Ethiopians · Taiwan
1235
+13
🇰🇿 Slavs · Kazakhstan
1098
+18
🇵🇱 Spanish · Poland
1070
+19
🇰🇿 Franks · Kazakhstan
1062
+20
🇨🇳 Magyars · China
1223
-20
🇦🇷 Britons · Argentina
1153
-18
1115
-16
🇨🇳 Teutons · China
1108
-16
Lilygold
7:00 Loom
9:28 Feudal Age
15:54 Fletching
20:54 Castle Age
20:11 Double-Bit Axe
20:48 Gold Mining
21:14 Padded Archer Armor
21:30 Crossbowman
22:44 Bodkin Arrow
28:08 Bow Saw
28:58 Ballistics
34:15 Leather Archer Armor
新手村五四
6:26 Loom
9:21 Feudal Age
9:47 Double-Bit Axe
9:43 Horse Collar
13:43 Town Watch
17:45 Wheelbarrow
18:02 Scale Barding Armor
24:05 Castle Age
22:35 Gold Mining
24:03 Bloodlines
25:48 Bow Saw
27:48 Husbandry
28:40 Heavy Plow
29:15 Gold Shaft Mining
30:11 Chain Barding Armor
32:44 Hand Cart
WING123456
6:59 Loom
9:44 Feudal Age
10:36 Double-Bit Axe
11:35 Horse Collar
13:47 Forging
16:26 Scale Barding Armor
22:28 Castle Age
20:34 Gold Mining
22:08 Bloodlines
24:47 Wheelbarrow
25:16 Chain Barding Armor
25:38 Bow Saw
28:28 Iron Casting
33:08 Hand Cart
38:32 Imperial Age
36:23 Stone Mining
等我直帝进供给你们
Bamboozled Kiwi
9:02 Loom
11:14 Feudal Age
11:50 Double-Bit Axe
11:46 Horse Collar
20:15 Castle Age
18:46 Gold Mining
19:20 Padded Archer Armor
20:20 Fletching
26:53 Ballistics
26:46 Bow Saw
27:28 Heavy Plow
27:35 Scale Barding Armor
27:49 Leather Archer Armor
Samuraika01
11:14 Feudal Age
12:27 Double-Bit Axe
18:06 Castle Age
18:53 Husbandry
22:57 Forging
24:51 Bow Saw
27:26 Iron Casting
31:48 Scale Barding Armor
36:27 Town Watch
37:19 Wheelbarrow
Alexander
3:56 Loom
10:27 Feudal Age
19:29 Castle Age
18:32 Fletching
20:16 Crossbowman
24:57 Bodkin Arrow
26:52 Double-Bit Axe
27:16 Padded Archer Armor
31:57 Wheelbarrow
34:22 Horse Collar
36:14 Thumb Ring
37:01 Ballistics
BatuKhan
2:25 Loom
11:30 Feudal Age
11:57 Horse Collar
12:03 Double-Bit Axe
19:58 Castle Age
21:52 Heavy Plow
25:20 Stone Mining
28:10 Wheelbarrow
28:01 Bow Saw
28:23 Gold Mining
33:17 Bloodlines
33:07 Husbandry
33:19 Detinets
33:53 Detinets
34:29 Forging
34:24 Scale Barding Armor
36:23 Hand Cart
38:39 Imperial Age
37:01 Iron Casting
Connection lost

Rejoining the realm…

Still unreachable

The connection could not be restored.

Session expired

The server has moved on; the page needs a fresh start.